 Dungeon Crawl Stone Soup version 0.30.0-17-ge0270778cf (webtiles) character file.

Game seed: 361258702548696740

4365 olmar the Magician (level 10, -4/79 HPs)
             Began as a Gnoll Warper on May 23, 2023.
             Was an Initiate of Gozag.
             Killed by the air
             ... invoked by Gastronok
              (34 damage)
             ... on level 9 of the Dungeon.
             The game lasted 00:11:25 (7888 turns).

olmar the Magician (Gnoll Warper)                   Turns: 7888, Time: 00:11:25

Health: -4/79      AC:  8    Str: 17    XL:     10   Next: 34%
Magic:  16/21      EV: 20    Int: 14    God:    Gozag
Gold:   171        SH:  0    Dex: 14    Spells: 21/23 levels left

rFire   . . .        m - +9 staff of Olgreb {rPois∞}
rCold   . . .        (no shield)
rNeg    . . .        q - +1 robe "Uckowy" {Harm}
rPois   ∞            (no helmet)
rElec   .            K - +0 cloak
rCorr   .            (no gloves)
SInv    .            T - +2 pair of boots {Stlth+}
Will    .....        (no amulet)
Stlth   ++++         j - +6 ring of strength
HPRegen 0.33/turn    F - +5 ring of evasion
MPRegen 0.17/turn

%: harm (+30% outgoing, +20% incoming)
@: no status effects
A: fangs 1, strong nose, distributed training
a: Renounce Religion, Evoke the Staff of Olgreb, Potion Petition, Call Merchant,
Bribe Branch


You were on level 9 of the Dungeon.
You worshipped Gozag.
Gozag was aware of your devotion.
You visited 2 branches of the dungeon, and saw 10 of its levels.

You collected 813 gold pieces.
You spent 465 gold pieces at shops.
You paid 177 gold pieces to Gozag.

Inventory:

Hand Weapons
 a - a +0 heavy mace
 m - the +9 staff of Olgreb (weapon) {rPois∞}
   (You acquired it on level 4 of the Dungeon)

   It enhances your poison magic.
   It grants immunity to poison.
   It can be activated via the 'a'bility menu to radiate toxic energy, with
   effectiveness depending on Evocations skill.
 J - a +3 quarterstaff of chaos
Missiles
 G - 12 poisoned darts (quivered)
Armour
 b - a +0 leather armour
 q - the +1 robe "Uckowy" (worn) {Harm}
   (You found it on level 2 of the Dungeon)

   Harm:      It increases damage dealt and taken.
 H - a +0 troll leather armour {Pargi}
 K - a +0 cloak (worn)
 O - +0 ice dragon scales
 S - a +0 pair of gloves
 T - a +2 pair of boots of stealth (worn)
Jewellery
 j - a +6 ring of strength (left hand)
 E - a ring of fire
 F - a +5 ring of evasion (right hand)
 I - a ring of resist corrosion
 N - a ring of flight
Wands
 B - a wand of light (9)
 C - a wand of mindburst (13)
 D - a wand of charming (8)
Scrolls
 c - a scroll of blinking
 f - 2 scrolls of poison
 g - a scroll of butterflies
 h - a scroll of vulnerability
 i - a scroll of teleportation
 l - 2 scrolls of fear
 o - a scroll of amnesia
 p - 2 scrolls of immolation
 t - 2 scrolls of noise
 u - 2 scrolls of brand weapon
 x - 4 scrolls of magic mapping
 y - 2 scrolls of enchant armour {unknown}
 L - a scroll of fog {unknown}
 M - a scroll of silence {unknown}
 Q - a scroll of enchant weapon {unknown}
Potions
 d - 2 potions of lignification {unknown}
 e - 3 potions of haste
 k - 3 potions of curing
 n - a potion of brilliance {unknown}
 r - 4 potions of degeneration
 s - 2 potions of flight {unknown}
 v - 4 potions of mutation
 w - 3 potions of heal wounds
 z - 2 potions of might {unknown}
 A - 2 potions of berserk rage
 P - a potion of resistance {unknown}
 R - a potion of ambrosia {unknown}
 U - a potion of magic
 V - 2 potions of attraction


   Skills:
 + Level 7.1 Fighting
 + Level 5.4 Short Blades
 + Level 5.4 Long Blades
 + Level 5.4 Axes
 + Level 7.1 Maces & Flails
 + Level 5.4 Polearms
 + Level 5.4 Staves
 + Level 5.4 Ranged Weapons
 + Level 6.0 Throwing
 + Level 6.0 Armour
 + Level 7.1 Dodging
 + Level 5.4 Stealth
 + Level 5.4 Shields
 + Level 5.4 Unarmed Combat
 + Level 7.4 Spellcasting
 + Level 4.4 Conjurations
 + Level 4.4 Hexes
 + Level 4.4 Summonings
 + Level 4.4 Necromancy
 + Level 7.1 Translocations
 + Level 4.4 Transmutations
 + Level 4.4 Fire Magic
 + Level 4.4 Ice Magic
 + Level 4.4 Air Magic
 + Level 4.4 Earth Magic
 + Level 4.4 Poison Magic
 + Level 5.9 Invocations
 + Level 5.4 Evocations


You had 21 spell levels left.
You knew the following spells:

 Your Spells              Type           Power      Damage    Failure   Level
a - Blink                 Tloc           50%        N/A       1%          2

Your spell library contained the following spells:

 Spells                   Type           Power      Damage    Failure   Level
 Lesser Beckoning         Tloc           50%        N/A       1%          2
 Shock                    Conj/Air       68%        1d7       2%          1
 Teleport Other           Tloc           25%        N/A       2%          3
 Vhi's Electric Charge    Tloc/Air       42%        N/A       3%          3
 Dazzling Flash           Conj/Hex       34%        N/A       7%          3
 Stone Arrow              Conj/Erth      34%        3d9       7%          3
 Swiftness                Air            17%        N/A       7%          3
 Manifold Assault         Tloc           25%        N/A       7%          4
 Airstrike                Air            8%         2d(2-18)  22%         4
 Animate Armour           Summ/Erth      34%        N/A       22%         4
 Agony                    Necr           17%        N/A       52%         5
 Silence                  Hex/Air        8%         N/A       52%         5
 Lehudib's Crystal Spear  Conj/Erth      8%         10d4      100%        8


Dungeon Overview and Level Annotations

Branches:
Dungeon (9/15)             Temple (1/1) D:7
   Lair: D:8-11         Orc: D:9-12

Altars:
Ashenzari
Cheibriados
Dithmenos
Elyvilon
Fedhas
Gozag
Hepliaklqana
Kikubaaqudgha
Makhleb
Nemelex Xobeh
Okawaru
Qazlal
Ru
Sif Muna
Trog
Vehumet
Wu Jian
Xom
Yredelemnul
Zin
The Shining One

Shops:
D:1 (   D:6 *   D:8 (:!*:

Annotations:
D:9 Gastronok


Innate Abilities, Weirdness & Mutations

You have very sharp teeth.
Your uncanny sense of smell can sniff out nearby items.
Your experience applies equally to all skills.


Message History

Gastronok is heavily wounded.
The bat closely misses you. The bat misses you. x2
The bat completely misses you.
You sock Gastronok!
Gastronok is severely wounded.
Gastronok is no longer moving slowly.
The bat barely misses you. The bat closely misses you.
The bat completely misses you. The bat closely misses you.
Gastronok bites you!!!
Ouch! That really hurt!
You sock Gastronok!
You envenom Gastronok.
Gastronok looks as sick as possible!
Gastronok is severely wounded.
The bat misses you. The bat completely misses you. x2
You sock Gastronok!
Gastronok is almost dead.
The bat misses you. The bat closely misses you. The bat completely misses you.
The bat barely misses you. The bat misses you.
Unknown command.
You hit Gastronok. You bite Gastronok, but do no damage.
Gastronok is almost dead.
The bat closely misses you. The bat barely misses you.
The bat closely misses you.
Gastronok waves his eye-stalks in wide circles.
The air twists around and strikes you!!
* * * LOW HITPOINT WARNING * * *
You feel much better. The bat barely misses you.
The bat hits you but does no damage. The bat closely misses you.
The bat completely misses you.
Unknown command.
Unknown command.
The bat closely misses you. The bat barely misses you.
The bat completely misses you. The bat misses you.
The bat attacks as you move away! The bat closely misses you.
The bat completely misses you. The bat misses you.
The bat completely misses you.
Okay, then.
The bat hits you but does no damage. x2; The bat closely misses you.
Gastronok waves his eye-stalks in wide circles.
The air twists around and strikes you!!
You die...
Your body crumbles into a pile of gold.

#+## ...# #..... #...#
.... #..... #...########
.....#..... #...........
.... .... #.....^.....
....###'#####.........##
#....$..............#.
#....$$$....$.......#.
#....@.....)....$...#.
#..bbb..).$.....#####.
#.....##+####...#.....
######.w...# #...#.....
...........# #...#.....
.......(...# ##...#.....
......(....# +....#....)
...........# #....#+#...
...........# #......#...


You could see Gastronok (swift, very poisoned) and 3 bats.

Vanquished Creatures
  A two-headed ogre (D:9)
  A hornet (D:7)
  Prince Ribbit (D:5)
  Sigmund (D:6)
  5 humans (D:6)
  An acid dragon (D:8)
  2 water moccasins
  Duvessa (D:7)
  Pargi (D:4)
  A black bear (D:7)
  A centaur (D:9)
  2 phantoms
  4 kobold brigands
  2 bullfrogs
  3 scorpions
  4 wights (D:6)
  Dowan (D:7)
  A jelly (D:6)
  2 gnoll boudas
  Crazy Yiuf (D:4)
  8 hounds
  2 sleepcaps
  6 iguanas
  3 orc wizards
  4 adders
  11 gnolls
  2 white imps
  An ufetubus (D:5)
  2 worms (D:2)
  4 dart slugs
  14 orcs
  5 endoplasms
  10 goblins
  4 hobgoblins
  6 jackals
  4 quokkas
  6 ball pythons
  4 bats
  16 kobolds
  5 rats
153 creatures vanquished.

Notes
Turn   | Place    | Note
-------+----------+-------------------------------------------
     0 | D:1      | olmar the Gnoll Warper began the quest for the Orb.
     0 | D:1      | Reached XP level 1. HP: 20/20 MP: 6/6
    50 | D:1      | Reached XP level 2. HP: 23/26 MP: 7/7
   235 | D:1      | Found Ytorong's Antique Weapon Shop.
   561 | D:1      | Reached skill level 5 in Spellcasting
   561 | D:1      | Reached XP level 3. HP: 29/31 MP: 7/9
   794 | D:2      | Learned a level 2 spell: Blink
   834 | D:2      | Reached skill level 1 in Invocations
   957 | D:2      | Identified the +1 robe "Uckowy" {Harm}
  1010 | D:2      | Reached skill level 1 in Short Blades
  1010 | D:2      | Reached skill level 1 in Long Blades
  1010 | D:2      | Reached skill level 1 in Axes
  1010 | D:2      | Reached skill level 1 in Polearms
  1010 | D:2      | Reached skill level 1 in Staves
  1010 | D:2      | Reached skill level 1 in Ranged Weapons
  1010 | D:2      | Reached skill level 1 in Stealth
  1010 | D:2      | Reached skill level 1 in Shields
  1010 | D:2      | Reached skill level 1 in Unarmed Combat
  1010 | D:2      | Reached skill level 1 in Evocations
  1263 | D:2      | Reached XP level 4. HP: 27/38 MP: 11/11
  1728 | D:3      | Reached skill level 1 in Conjurations
  1728 | D:3      | Reached skill level 1 in Hexes
  1728 | D:3      | Reached skill level 1 in Summonings
  1728 | D:3      | Reached skill level 1 in Necromancy
  1728 | D:3      | Reached skill level 1 in Transmutations
  1728 | D:3      | Reached skill level 1 in Fire Magic
  1728 | D:3      | Reached skill level 1 in Ice Magic
  1728 | D:3      | Reached skill level 1 in Air Magic
  1728 | D:3      | Reached skill level 1 in Earth Magic
  1728 | D:3      | Reached skill level 1 in Poison Magic
  1764 | D:3      | Found a broken altar of Ashenzari.
  2017 | D:3      | You fall into a shaft and drop 2 floors!
  2017 | D:5      | Entered Level 5 of the Dungeon
  2299 | D:4      | Identified a scroll of acquirement
  2299 | D:4      | Acquired the +9 staff of Olgreb {rPois∞}
  2299 | D:4      | Found the +9 staff of Olgreb {rPois∞}
  2307 | D:4      | Reached XP level 5. HP: 27/43 MP: 12/12
  2828 | D:4      | Found a runed translucent door.
  2829 | D:4      | Noticed Crazy Yiuf
  2858 | D:4      | Reached XP level 6. HP: 45/50 MP: 14/14
  2906 | D:4      | Reached skill level 5 in Fighting
  2906 | D:4      | Reached skill level 5 in Maces & Flails
  2906 | D:4      | Reached skill level 5 in Dodging
  2927 | D:4      | Noticed Pargi
  2937 | D:4      | Killed Pargi
  2938 | D:4      | Reached XP level 7. HP: 47/56 MP: 3/15
  3266 | D:4      | Killed Crazy Yiuf
  3638 | D:5      | Noticed Prince Ribbit
  3650 | D:5      | Killed Prince Ribbit
  4254 | D:5      | Reached XP level 8. HP: 63/63 MP: 16/16
  4752 | D:6      | Reached XP level 9. HP: 45/69 MP: 18/18
  5002 | D:6      | Noticed Sigmund
  5006 | D:6      | Killed Sigmund
  5007 | D:6      | Reached skill level 5 in Throwing
  5007 | D:6      | Reached skill level 5 in Armour
  5486 | D:6      | Reached skill level 5 in Invocations
  5700 | D:6      | Found Plog's General Store.
  6217 | D:7      | Noticed Duvessa
  6218 | D:7      | Noticed Dowan
  6223 | D:7      | Killed Dowan
  6224 | D:7      | Killed Duvessa
  6299 | D:7      | Noticed a hornet
  6303 | D:7      | Killed a hornet
  6374 | D:7      | Found a staircase to the Ecumenical Temple.
  6387 | Temple   | Entered the Ecumenical Temple
  6447 | Temple   | Became a worshipper of Gozag Ym Sagoz the Greedy
  7118 | D:8      | Reached skill level 5 in Short Blades
  7118 | D:8      | Reached skill level 5 in Long Blades
  7118 | D:8      | Reached skill level 5 in Axes
  7118 | D:8      | Reached skill level 5 in Polearms
  7118 | D:8      | Reached skill level 5 in Staves
  7118 | D:8      | Reached skill level 5 in Ranged Weapons
  7118 | D:8      | Reached skill level 5 in Stealth
  7118 | D:8      | Reached skill level 5 in Shields
  7118 | D:8      | Reached skill level 5 in Unarmed Combat
  7118 | D:8      | Reached skill level 5 in Evocations
  7118 | D:8      | Reached XP level 10. HP: 70/77 MP: 20/20
  7161 | D:8      | Found Egexkok's Assorted Antiques.
  7166 | D:8      | Bought a pair of runed boots for 165 gold pieces
  7205 | D:8      | Found Ewesiy's Antique Weapon Emporium.
  7231 | D:8      | Found Bipuheha's Distillery.
  7277 | D:8      | Bought a potion of magic for 120 gold pieces
  7277 | D:8      | Bought a potion of berserk rage for 75 gold pieces
  7277 | D:8      | Bought a potion of degeneration for 15 gold pieces
  7277 | D:8      | Bought a potion of attraction for 45 gold pieces
  7277 | D:8      | Bought a potion of attraction for 45 gold pieces
  7292 | D:8      | Found Poddoex's Book Emporium.
  7296 | D:8      | Found a hazy altar of Hepliaklqana.
  7297 | D:8      | Found a sacrificial altar of Ru.
  7299 | D:8      | Found a glowing golden altar of the Shining One.
  7299 | D:8      | Found a white marble altar of Elyvilon.
  7312 | D:8      | Found Pidoceti's Book Shop.
  7517 | D:9      | Noticed a two-headed ogre
  7527 | D:9      | Found an iron altar of Okawaru.
  7535 | D:9      | Killed a two-headed ogre
  7864 | D:9      | Noticed Gastronok
  7888 | D:9      | Killed from afar by Gastronok

Illustrated notes

Levels and vault maps discovered:
D:1:      scummos_arrival_star, layout_loops_ring, serial_shops, shop
D:2:      layout_loops_ring, kennysheep_minor_cross, st_stairs_3
D:3:      layout_rooms, mainiacjoe_overflow_paths
D:4:      layout_basic, uniq_pargi, uniq_crazy_yiuf_cottage
D:5:      layout_basic, uniq_prince_ribbit1
D:6:      cheibrodos_thug_alley, layout_basic, serial_shops,
          nicolae_shop_tiny_statue_garden, kennysheep_decorative_pillar,
          nicolae_zen_rock_garden, minmay_ruffians, uniq_sigmund
D:7:      layout_rooms, minmay_temple_entry_stoned_glass,
          chequers_serial_rivers_micro_e, uniq_duvessa
D:8:      layout_basic, grunt_temple_overflow_open, serial_shops, shop,
          nicolae_shop_stone, nicolae_shop_tiny_real_fake_doors, shop_fountains,
          shop
D:9:      layout_irregular_city, okawaru_gym_becter, uniq_gastronok
Temple:   compressed_dpeg_triangle_lava_temple

Skill      XL: |  1  2  3  4  5  6  7  8  9 10 |
---------------+-------------------------------+-----
Spellcasting   | 5 6 7 |  7.4
Invocations    | 1 2 3 4 5 |  5.9
Short Blades   | 1 2 3 5 |  5.4
Long Blades    | 1 2 3 5 |  5.4
Axes           | 1 2 3 5 |  5.4
Polearms       | 1 2 3 5 |  5.4
Staves         | 1 2 3 5 |  5.4
Ranged Weapons | 1 2 3 5 |  5.4
Stealth        | 1 2 3 5 |  5.4
Shields        | 1 2 3 5 |  5.4
Unarmed Combat | 1 2 3 5 |  5.4
Evocations     | 1 2 3 5 |  5.4
Conjurations   | 1 2 3 4 |  4.4
Hexes          | 1 2 3 4 |  4.4
Summonings     | 1 2 3 4 |  4.4
Necromancy     | 1 2 3 4 |  4.4
Transmutations | 1 2 3 4 |  4.4
Fire Magic     | 1 2 3 4 |  4.4
Ice Magic      | 1 2 3 4 |  4.4
Air Magic      | 1 2 3 4 |  4.4
Earth Magic    | 1 2 3 4 |  4.4
Poison Magic   | 1 2 3 4 |  4.4
Throwing       | 3 4 5 6 |  6.0
Armour         | 3 4 5 6 |  6.0
Fighting       | 5 6 7 |  7.1
Maces & Flails | 5 6 7 |  7.1
Dodging        | 5 6 7 |  7.1
Translocations | 6 7 |  7.1

Action                     |  1- 3 |  4- 6 |  7- 9 | 10-12 || total
---------------------------+-------+-------+-------+-------++-------
  Melee: Mace              |    94 |    54 |       |       ||   148
         Bite              |     8 |     5 |    20 |     4 ||    37
         Punch             |     1 |     1 |     4 |     2 ||     8
         Staff             |       |    40 |   186 |    37 ||   263
  Throw: Boomerang         |     2 |     3 |     2 |       ||     7
         Dart              |       |       |     3 |     2 ||     5
Ability: Evoke the Staff o |       |     5 |    17 |     8 ||    30
  Evoke: Wand              |       |       |     1 |     4 ||     5
    Use: Scroll            |       |     8 |     6 |       ||    14
         Potion            |       |     2 |     1 |     1 ||     4
   Stab: Sleeping          |     1 |     1 |     7 |     2 ||    11
         Distracted        |       |       |     1 |       ||     1
 Armour: Leather armour    |    20 |       |       |       ||    20
         Robe              |     2 |    18 |    15 |     8 ||    43
  Dodge: Dodged            |    60 |    83 |   141 |    56 ||   340
